 Dungeon Crawl Stone Soup version 0.27-a0-1119-gbf574a6a6b (webtiles) character file.

Game seed: 9701458500874268324

78 Zeld the Shield-Bearer (level 4, 0/31 HPs)
             Began as an Octopode Fighter on May 2, 2021.
             Killed from afar by Sigmund (8 damage)
             ... with a magic dart
             ... on level 2 of the Dungeon.
             The game lasted 00:02:31 (2236 turns).

Zeld the Shield-Bearer (Octopode Fighter)           Turns: 2236, Time: 00:02:31

Health: 0/31       AC:  1    Str: 16    XL:     4   Next: 36%
Magic:  4/4        EV: 11    Int: 10    God:
Gold:   116        SH:  8    Dex: 11    Spells: 3/3 levels left

rFire    . . .     SeeInvis .   a - +0 war axe
rCold    . . .     Faith    .   b - +0 kite shield
rNeg     . . .     Spirit   .   (helmet restricted)
rPois    .         Reflect  .   (no amulet)
rElec    .         Harm     .   (no ring)
rCorr    .         Rampage  .   (no ring)
Will     .....                  (no ring)
Stlth    ++........             (no ring)
HPRegen  0.10/turn              (no ring)
MPRegen  0.09/turn              (no ring)
                                (no ring)
                                (no ring)

@: mighty
A: almost no armour, amphibious, 8 rings, camouflage 1, gelatinous body 1,
(nimble swimmer 1), tentacles
a: no special abilities


You were on level 2 of the Dungeon.
You visited 1 branch of the dungeon, and saw 2 of its levels.

You collected 116 gold pieces.

Inventory:

Hand Weapons
 a - a +0 war axe (weapon)
Missiles
 f - 34 poisoned darts (quivered)
Armour
 b - a +0 kite shield (worn)
Scrolls
 e - a scroll of identify {unknown}
Potions
 d - a potion of degeneration {unknown}


   Skills:
 - Level 3.3 Fighting
 - Level 2.4 Axes
 * Level 2.9 Throwing
 - Level 3.0 Dodging
 - Level 3.3 Shields


You had 3 spell levels left.
You didn't know any spells.
Your spell library was empty.

Dungeon Overview and Level Annotations

Branches:
Dungeon (2/15)

Altars:

Annotations:
D:2 Sigmund


Innate Abilities, Weirdness & Mutations

You cannot wear most types of armour.
You are amphibious.
You can wear up to eight rings at the same time.
Your skin changes colour to match your surroundings (Stealth+).
Your rubbery body absorbs attacks. (AC +1, EV +1)
((You are camouflaged near water. (Stealth+)))
You have tentacles for arms and can constrict up to eight enemies at once.


Message History

You kill the endoplasm!
No target in view!
No target in view!
HP restored.
Found a stone staircase leading up.
There is an open door here.
You open the door.
There is an open door here.
Sigmund is nearby!
Okay, then.
Throw: 36 darts (poison)
Press: ? - help, Q - select action Shift-Dir - straight line, f - Sigmund
Aim: Sigmund, wielding a +0 scythe and wearing a +2 robe of willpower (wandering, hasn't noticed you, 52% to hit)
You throw a poisoned dart. The poisoned dart hits Sigmund.
Sigmund shouts!
Sigmund casts a spell at you. The puff of flame hits you.
Throw: 35 darts (poison)
Press: ? - help, Q - select action Shift-Dir - straight line, f/p - Sigmund
Aim: Sigmund, wielding a +0 scythe and wearing a +2 robe of willpower (53% to hit)
You throw a poisoned dart. The poisoned dart hits Sigmund!
Sigmund is poisoned.
Sigmund points at you and mumbles some strange words.
You are confused.
You bump into the rock wall.
Sigmund gestures at you while chanting. The puff of flame hits you!
You start resting.
You feel less confused.
You start resting.
Sigmund is nearby!
You feel very mighty all of a sudden.
Sigmund points at himself and mumbles some strange words.
Sigmund flickers and vanishes!
No target in view!
A puff of flame appears from out of thin air!
The puff of flame hits you!
* * * LOW HITPOINT WARNING * * *
A magic dart appears from out of thin air!
The magic dart hits you!
You die...

#.#####.#..#.........
#.......<..#.........
######.....#.........
######.....#.........
#..........###'#'###.
#..........# #.#.# #.
########..........# #.#.#
## #......'..........#
#.#.# #.######...@......#
#.#.#
#..{.....##....###.#.#
#.######.#.........#.# ##
#.# #.####.#..###.###.
#.# ........#..# #.....
#{######################.
#.....@..((. .........
########################.
#.....).......'.


There were no monsters in sight!

Vanquished Creatures
  Crazy Yiuf (D:2)
  2 adders (D:2)
  2 dart slugs
  5 endoplasms
  2 giant cockroaches
  A hobgoblin (D:1)
  A kobold (D:2)
  2 ball pythons (D:2)
  2 bats
  7 frilled lizards
  5 goblins
  5 rats
35 creatures vanquished.

Notes
Turn   | Place    | Note
-------+----------+-------------------------------------------
     0 | D:1      | Zeld the Octopode Fighter began the quest for the Orb.
     0 | D:1      | Reached XP level 1. HP: 16/16 MP: 1/1
   453 | D:1      | Reached XP level 2. HP: 18/21 MP: 2/2
  1067 | D:2      | Reached skill level 1 in Throwing
  1067 | D:2      | Reached XP level 3. HP: 21/26 MP: 3/3
  1248 | D:2      | Found a runed translucent door.
  1249 | D:2      | Noticed Crazy Yiuf
  1256 | D:2      | Killed Crazy Yiuf
  1282 | D:2      | Reached XP level 4. HP: 19/31 MP: 4/4
  1572 | D:2      | Noticed Sigmund
  2236 | D:2      | Killed from afar by Sigmund

Illustrated notes

Levels and vault maps discovered:
D:1:      dpeg_arrival_simpleton_b, layout_rooms, serial_forest,
          infiniplex_forest_clump_diagonal, infiniplex_forest_lined_2,
          infiniplex_forest_lined_room_, infiniplex_forest_lined_3_way,
          infiniplex_forest_clump_medium, infiniplex_forest_lined_4_way,
          infiniplex_forest_clump_small, minmay_fountain_box
D:2:      layout_basic, basic_ecumenical_altar, uniq_sigmund,
          uniq_crazy_yiuf_cottage

Skill      XL: |  1  2  3 |
---------------+----------+-----
Throwing       | 1 2 |  2.9
Fighting       | |  3.3
Axes           | |  2.4
Dodging        | |  3.0
Shields        | |  3.3

Action                   |  1- 3 |  4- 6 || total
-------------------------+-------+-------++-------
Melee: War axe           |    48 |    16 ||    64
       Constrict         |    12 |     4 ||    16
       Tentacles         |     6 |     2 ||     8
Throw: Dart              |       |     2 ||     2
  Use: Potion            |     1 |     1 ||     2
 Stab: Sleeping          |     4 |     1 ||     5
       Distracted        |       |     1 ||     1
Armor: Skin              |     3 |     2 ||     5
Dodge: Dodged            |    23 |    10 ||    33
Block: Kite shield       |    14 |     4 ||    18

Table legend: (Time is in decaauts)
 A = Elapsed time spent in this place.
 B = Non-inter-level travel time spent in this place.
 C = Inter-level travel time spent in this place.
 D = Time resting spent in this place.
 E = Time spent auto-exploring this place.
 F = Levels seen in this place.
 G = Mean time per level.
                   A        B        C        D        E       F      G
               +--------+--------+--------+--------+--------+-----+--------+
         Total |   2275 |   2222 |     53 |    219 |   1724 |   2 | 1137.5 |
       Dungeon |   2275 |   2222 |     53 |    219 |   1724 |   2 | 1137.5 |
               +--------+--------+--------+--------+--------+-----+--------+

Top non-repeatable levels by time:
     D:2: 1300 daAuts
     D:1: 975 daAuts
